 Dungeon Crawl Stone Soup version 0.31.0-9-g3a7656b989 (webtiles) character file.

Game seed: 4840527677491982215

519 qw the Skirmisher (level 7, -3/40 HPs)
             Began as a Deep Elf Hunter on Feb 2, 2024.
             Was an Initiate of Okawaru.
             Killed by divine providence
             ... invoked by an orc priest
              (14 damage)
             ... on level 4 of the Dungeon.
             The game lasted 00:00:14 (3277 turns).

qw the Skirmisher (Deep Elf Hunter)                 Turns: 3277, Time: 00:00:14

Health: -3/40      AC:  7    Str: 10    XL:     7   Next: 1%
Magic:  9/9        EV: 11    Int: 14    God:    Okawaru [......]
Gold:   345        SH:  0    Dex: 18    Spells: 6/6 levels left

rFire   . . .        g - +1 arbalest
rCold   . . .        (shield currently unavailable)
rNeg    . . .        i - +0 ring mail
rPois   +            (no helmet)
rElec   .            (no cloak)
rCorr   .            d - +0 pair of gloves
SInv    .            h - +0 pair of boots
Will    .....        (no amulet)
Stlth   +            e - ring of poison resistance
HPRegen 0.26/turn    (no ring)
MPRegen 0.11/turn

%: no passive effects
@: no status effects
A: no striking features
a: Renounce Religion


You were on level 4 of the Dungeon.
You worshipped Okawaru.
Okawaru was noncommittal.
You visited 1 branch of the dungeon, and saw 4 of its levels.
You also visited: Sewer.

You collected 345 gold pieces.


   Skills:
 - Level 2.0 Fighting
 + Level 10.2 Ranged Weapons
 - Level 1.4 Armour
 - Level 3.1 Dodging
 - Level 1.2 Stealth


You had 6 spell levels left.
You didn't know any spells.
Your spell library was empty.

Inventory:

Hand Weapons
 g - a +1 arbalest (weapon)
Armour
 d - a +0 pair of gloves (worn)
 h - a +0 pair of boots (worn)
 i - a +0 ring mail (worn)
Jewellery
 c - a ring of willpower
 e - a ring of poison resistance (left hand)
Wands
 j - a wand of quicksilver (12)
Scrolls
 f - 3 scrolls of teleportation
Potions
 a - 3 potions of enlightenment
 b - a potion of mutation
 l - a potion of haste {unknown}

Dungeon Overview and Level Annotations

Branches:
Dungeon (4/15)              Sewer (visited)
 Temple: D:4-7

Altars:
Cheibriados
Dithmenos
Elyvilon
Fedhas
Kikubaaqudgha
Nemelex Xobeh
Okawaru
Uskayaw
Vehumet
Wu Jian
Zin

Shops:
D:3 :


Message History

The howler monkey hoots and howls with incredible vigour!
You shoot a bolt.
The bolt closely misses the howler monkey.
You shoot a bolt. The bolt hits the howler monkey.
The howler monkey is lightly wounded.
The howler monkey hits you.
The howler monkey completely misses you.
You shoot a bolt. The bolt hits the howler monkey!
The howler monkey is almost dead.
The howler monkey hoots and howls with incredible vigour! x2
You shoot a bolt.
The bolt closely misses the howler monkey.
The howler monkey hits you but does no damage.
The orc hits you but does no damage.
The orc priest hits you but does no damage.
You shoot a bolt. The bolt hits the howler monkey!
You kill the howler monkey!
Okawaru accepts your kill. The orc barely misses you.
The orc priest barely misses you. x2
The orc hits you with a +0 club. The orc misses you.
You have reached level 7!
You shoot a bolt. The bolt closely misses the orc priest.
The orc hits you with a +0 club. The orc hits you with a +0 short sword.
The orc priest hits you with a +0 club.
You shoot a bolt. The bolt barely misses the orc priest.
The orc hits you but does no damage. The orc hits you with a +0 short sword.
The orc priest invokes the aid of Beogh against you.
Beogh smites you!
The orc priest looks satisfied for a moment.
The orc barely misses you. The orc hits you but does no damage.
You shoot a bolt. The bolt hits the orc priest.
The orc priest is lightly wounded.
The orc hits you with a +0 club. The orc misses you.
The orc priest invokes the aid of Beogh against you.
Pain shoots through your body!
You shoot a bolt. The bolt closely misses the orc priest.
The orc hits you but does no damage. x2
The orc priest mumbles some strange prayers to Beogh against you.
Beogh smites you!
You die...

##.... ....#. #(....
......# ##.... .......
##.... .......##
#####...#. ........#
###......### ........#
##......%.# #
......oo####.........##
......o@.##...........#
.........##............#
..........#.....).......
.........#..............
#.....####..............
#....# ##..............
##... #..............
#.## #...?.......... ##
#..............


You could see an orc priest and 2 orcs.

Vanquished Creatures
  An ogre (D:4)
  A scorpion (D:4)
  A howler monkey (D:4)
  2 orc wizards (D:3)
  3 gnolls (D:3)
  6 river rats (Sewer)
  7 adders
  5 dart slugs
  3 ribbon worms (D:2)
  8 orcs
  6 endoplasms
  13 giant cockroaches
  7 goblins
  9 hobgoblins
  2 jackals (Sewer)
  6 quokkas
  7 ball pythons
  12 bats
  3 frilled lizards
  8 kobolds
  6 rats
116 creatures vanquished.

Notes
Turn   | Place    | Note
-------+----------+-------------------------------------------
     0 | D:1      | qw the Deep Elf Hunter began the quest for the Orb.
     0 | D:1      | Reached XP level 1. HP: 12/12 MP: 3/3
     0 | D:1      | 0 ||| qw: Version: 0.3-a-155-g5e7d8dd
     0 | D:1      | 0 ||| qw: Game counter: 1891
     0 | D:1      | 0 ||| qw: Melee chars always use a shield: true
     0 | D:1      | 0 ||| qw: God list: Okawaru
     0 | D:1      | 0 ||| qw: Allow faded altars: false
     0 | D:1      | 0 ||| qw: Do Orc after clearing Dungeon:15 true
     0 | D:1      | 0 ||| qw: Do second Lair branch before Depths: true
     0 | D:1      | 0 ||| qw: Lair rune preference: random
     0 | D:1      | 0 ||| qw: Goals: Normal
     0 | D:1      | 0 ||| PLANNING D:1-11
   369 | D:1      | Reached XP level 2. HP: 16/16 MP: 4/4
   370 | D:1      | Reached skill level 6 in Ranged Weapons
   815 | D:1      | 815 ||| READING scroll labelled LOULAT HIM WAX.
   815 | D:1      | 815 ||| ENCHANTING +0 shortbow.
   816 | D:1      | 816 ||| READING scroll labelled JAOCASIYPA.
   817 | D:1      | 817 ||| READING 2 scrolls labelled FOVUONYMIY.
   821 | D:1      | 821 ||| READING scroll labelled GEINIV HUIR.
   821 | D:1      | 821 ||| IDENTIFYING murky grey potion
   822 | D:1      | 822 ||| READING scroll labelled BELULIMOU.
   851 | D:1      | 851 ||| DROPPING scroll of butterflies.
   852 | D:1      | 852 ||| DROPPING potion of degeneration.
   918 | D:2      | Reached XP level 3. HP: 20/20 MP: 5/5
  1023 | D:2      | 1023 ||| SWAPPING to +0 arbalest.
  1028 | D:2      | 1028 ||| DROPPING +1 shortbow.
  1032 | D:2      | Reached skill level 7 in Ranged Weapons
  1058 | D:2      | Found a faded altar of an unknown god.
  1272 | D:2      | 1272 ||| UPGRADING to +0 pair of gloves.
  1277 | D:2      | 1277 ||| READING scroll of identify.
  1277 | D:2      | 1277 ||| IDENTIFYING murky puce potion
  1278 | D:2      | 1278 ||| READING scroll labelled XIOKEPSOSH.
  1279 | D:2      | 1279 ||| READING scroll labelled DEMEYZU DERYOVOGH.
  1280 | D:2      | 1280 ||| DRINKING 2 red potions.
  1292 | D:3      | 1292 ||| PLANNING SEWER
  1320 | D:3      | Found Gyuwki's Book Shop.
  1320 | D:3      | Noticed a walking frostbound tome
  1320 | D:3      | Noticed a walking frostbound tome
  1400 | D:3      | Reached XP level 4. HP: 25/25 MP: 6/6
  1434 | D:3      | HP: 6/25 [gnoll/+0 spear (1)]
  1435 | D:3      | 1435 ||| READING 3 scrolls of teleportation.
  1436 | D:3      | 1436 ||| DRINKING potion of heal wounds.
  1438 | D:3      | Reached skill level 8 in Ranged Weapons
  1461 | D:3      | Found a glowing drain.
  1467 | D:3      | 1467 ||| DROPPING amulet of magic regeneration.
  1473 | Sewer    | Entered a sewer
  1507 | Sewer    | Reached XP level 5. HP: 29/29 MP: 7/7
  1553 | Sewer    | Reached skill level 9 in Ranged Weapons
  1717 | Sewer    | 1717 ||| READING scroll of enchant weapon.
  1717 | Sewer    | 1717 ||| ENCHANTING +0 arbalest.
  1727 | Sewer    | Reached skill level 3 in Dodging
  2059 | Sewer    | 2059 ||| READING scroll of identify.
  2059 | Sewer    | 2059 ||| IDENTIFYING scroll labelled SAMEDO MAFOF
  2060 | Sewer    | 2060 ||| READING scroll labelled UFATEL ZUFFEI.
  2161 | Sewer    | 2161 ||| DROPPING scroll of revelation.
  2184 | D:3      | 2184 ||| PLANNING D:1-11
  2271 | D:3      | 2271 ||| FLEEEEING.
  2272 | D:3      | 2272 ||| FLEEEEING.
  2273 | D:3      | 2273 ||| FLEEEEING.
  2274 | D:3      | 2274 ||| FLEEEEING.
  2288 | D:3      | HP: 6/30 [orc wizard/+0 dagger (4)]
  2289 | D:3      | 2289 ||| READING 3 scrolls of teleportation.
  2291 | D:3      | HP: 2/30 [orc wizard/+0 dagger (2)]
  2467 | D:3      | Reached XP level 6. HP: 35/35 MP: 8/8
  2546 | D:3      | Found a sparkling altar of Nemelex Xobeh.
  2547 | D:3      | Found a white marble altar of Elyvilon.
  2548 | D:3      | Found a radiant altar of Vehumet.
  2548 | D:3      | Found an ancient bone altar of Kikubaaqudgha.
  2548 | D:3      | Found a hide-covered altar of Uskayaw.
  2550 | D:3      | Found a snail-covered altar of Cheibriados.
  2551 | D:3      | Found a shadowy altar of Dithmenos.
  2551 | D:3      | Found an iron altar of Okawaru.
  2552 | D:3      | 2552 ||| PLANNING OKAWARU WORSHIP
  2552 | D:3      | 2552 ||| UPGRADING to +0 ring mail.
  2562 | D:3      | 2562 ||| DROPPING +0 leather armour.
  2563 | D:3      | 2563 ||| UPGRADING to ring of poison resistance.
  2564 | D:3      | 2564 ||| READING scroll labelled EXIBAK CIAL.
  2565 | D:3      | Found an ornate altar of the Wu Jian Council.
  2566 | D:3      | Found a blossoming altar of Fedhas.
  2566 | D:3      | Found a glowing silver altar of Zin.
  2573 | D:3      | Became a worshipper of Warmaster Okawaru
  2574 | D:3      | 2574 ||| PLANNING D:1-11
  2977 | D:3      | 2977 ||| UPGRADING to +0 pair of boots.
  2982 | D:3      | 2982 ||| READING scroll of identify.
  2982 | D:3      | 2982 ||| IDENTIFYING metallic sapphire potion
  2983 | D:3      | 2983 ||| READING scroll labelled QOJOSH DAHANO.
  2984 | D:3      | 2984 ||| DROPPING potion of brilliance.
  3122 | D:4      | Reached skill level 1 in Armour
  3247 | D:4      | Reached skill level 10 in Ranged Weapons
  3274 | D:4      | Reached XP level 7. HP: 36/40 MP: 9/9
  3277 | D:4      | Killed from afar by an orc priest

Levels and vault maps discovered:
D:1:      minmay_arrival_three_doors, layout_loops_corners, st_stairs_1,
          minmay_distorted
D:2:      layout_rooms, ebering_ecumenical_altar_petrified
D:3:      layout_basic, nicolae_overflows_in_rows, serial_shops,
          nicolae_shop_mannequins, gup_sewer_entry_bubbles,
          nicolae_elevator_lobby_plus
D:4:      layout_cave_pods, minmay_temple_entry_statues_pillars, serial_shops,
          nicolae_shop_hallway_plus, grunt_ministairs_13,
          minmay_gold_behind_fungi

Skill      XL: |  1  2  3  4  5  6 |
---------------+-------------------+-----
Ranged Weapons | 6 7 8 9 10 | 10.2
Dodging        | 3 |  3.1
Fighting       | 2 |  2.0
Armour         | 1 |  1.4
Stealth        | |  1.2

Action                     |  1- 3 |  4- 6 |  7- 9 || total
---------------------------+-------+-------+-------++-------
   Fire: Shortbow          |    71 |       |       ||    71
         Arbalest          |    20 |   173 |     4 ||   197
    Use: Scroll            |     8 |     8 |       ||    16
         Potion            |     1 |     1 |       ||     2
 Armour: Leather armour    |     9 |    53 |       ||    62
         Ring mail         |       |    10 |     9 ||    19
  Dodge: Dodged            |    19 |    54 |     2 ||    75

Table legend:
 A = Non-vault XP
 B = Vault XP
 C = Vault XP percentage of total XP
 D = Non-vault monster count
 E = Vault monster count
 F = Vault count percentage of total count
                 A         B        C        D         E       F
            +---------+---------+-------+---------+---------+-------
      Total |     543 |     199 |  26.8 |      75 |      41 |  35.3
            +---------+---------+-------+---------+---------+-------
        D:1 |      29 |       6 |  17.1 |      17 |       4 |  19.0
        D:2 |      33 |       0 |   0.0 |      16 |       0 |   0.0
        D:3 |     162 |      11 |   6.4 |      26 |       6 |  18.8
        D:4 |     319 |       0 |   0.0 |      16 |       0 |   0.0
      Sewer |       0 |     182 | 100.0 |       0 |      31 | 100.0
            +---------+---------+-------+---------+---------+-------
